 Dungeon Crawl Stone Soup version 0.23.2-33-g5129a83184 (webtiles) character file.

Game seed: 6884177015257892459

67 Hebeh the Conjurer (level 3, -1/19 HPs)
             Began as a Deep Elf Conjurer on June 28, 2019.
             Killed by divine providence
             ... invoked by an orc priest
              (10 damage)
             ... on level 2 of the Dungeon.
             The game lasted 00:05:11 (905 turns).

Hebeh the Conjurer (Deep Elf Conjurer)               Turns: 905, Time: 00:05:12

Health: -1/19      AC:  2    Str:  5    XL:     3   Next: 98%
Magic:  1/11       EV: 13    Int: 20    God:
Gold:   69         SH:  0    Dex: 15    Spells: 10/11 levels left

rFire    . . .     SeeInvis .   k - +1 dagger (venom)
rCold    . . .     Gourm    .   (no shield)
rNeg     . . .     Faith    .   a - +0 robe
rPois    .         Spirit   .   (no helmet)
rElec    .         Reflect  .   (no cloak)
rCorr    .         Harm     .   (no gloves)
MR       .....                  (no boots)
Stlth    ++........             (no amulet)
HPRegen  0.06/turn              (no ring)
MPRegen  0.12/turn              (no ring)

@: no status effects
A: no striking features
a: no special abilities


You were on level 2 of the Dungeon.
You were not hungry.

You visited 1 branch of the dungeon, and saw 2 of its levels.

You collected 69 gold pieces.

Inventory:

Hand Weapons
 f - a +0 whip
 k - a +1 dagger of venom (weapon)
Missiles
 d - 15 sling bullets
 l - 20 stones (quivered)
Armour
 a - a +0 robe (worn)
Scrolls
 g - a scroll of identify
 h - 3 scrolls of remove curse
 m - a scroll of teleportation {unknown}
Potions
 e - a potion of agility {unknown}
 i - 2 potions of curing {unknown}
 j - 2 potions of haste
Comestibles
 b - 10 chunks of flesh
 c - 3 rations


   Skills:
 - Level 2.5 Dodging
 - Level 2.5 Stealth
 + Level 4.6 Spellcasting
 + Level 5.3 Conjurations


You had 10 spell levels left.
You knew the following spells:

 Your Spells              Type           Power        Failure   Level  Hunger
a - Magic Dart            Conj           ####         1%          1    None

Your spell library contained the following spells:

 Spells                   Type           Power        Failure   Level  Hunger
 Searing Ray              Conj           ####..       1%          2    #......
 Dazzling Spray           Conj/Hex       ###...       12%         3    ##.....
 Iskenderun's Mystic Bla  Conj           ####....     14%         4    ####...
 Force Lance              Conj/Tloc      ###.....     38%         4    ####...
 Fulminant Prism          Conj/Hex       ###.......   38%         4    ####...


Dungeon Overview and Level Annotations

Branches:
Dungeon (2/15)

Altars:
Ashenzari
Cheibriados
Xom


Message History

Casting: Magic Dart (safe; 1% risk of failure)
Confirm with . or Enter, or press ? or * to list all spells.
Aiming: Magic Dart (safe; 1% risk of failure)
Press: ? - help, Shift-Dir - straight line, f/p - orc
Aim: an orc (lightly wounded)
The magic dart hits the orc.
The orc is severely wounded.
The orc priest calls upon Beogh to heal the orc.
The orc's wounds heal themselves!
The orc closely misses you.
Casting: Magic Dart (safe; 1% risk of failure)
Confirm with . or Enter, or press ? or * to list all spells.
Aiming: Magic Dart (safe; 1% risk of failure)
Press: ? - help, Shift-Dir - straight line, f/p - orc
Aim: an orc The magic dart hits the orc.
The orc is heavily wounded.
The orc priest calls down the wrath of Beogh upon you.
Beogh smites you!
Ouch! That really hurt!
You die...

#############..
..)..........># ###
........#####. ..
......_.### .#
..........#######.##.#
._..⌠...........@o...#
.........#########)###
#....._..# o.
#.....)..# ##
#.#......#######
#...<..###.....#
####.#.###.###.###
#.......# #...#
###.##### ###.#


You could see an orc priest and an orc.

Vanquished Creatures
  An orc wizard (D:2)
  An ooze (D:2)
  A dart slug (D:1)
  2 leopard geckos (D:1)
  An orc (D:2)
  3 bats (D:1)
  A giant cockroach (D:1)
  6 goblins
  5 hobgoblins
  3 kobolds
  2 frilled lizards
  2 rats (D:1)
28 creatures vanquished.

Notes
Turn   | Place    | Note
-------+----------+-------------------------------------------
     0 | D:1      | Hebeh the Deep Elf Conjurer began the quest for the Orb.
     0 | D:1      | Reached XP level 1. HP: 10/10 MP: 6/6
   177 | D:1      | Reached XP level 2. HP: 15/15 MP: 4/8
   747 | D:2      | Reached XP level 3. HP: 19/19 MP: 2/10
   839 | D:2      | Found a shimmering altar of Xom.
   839 | D:2      | Found a shattered altar of Ashenzari.
   842 | D:2      | Found a snail-covered altar of Cheibriados.
   867 | D:2      | Reached skill level 5 in Conjurations
   905 | D:2      | Killed from afar by an orc priest

Skill      XL: |  1  2  3 |
---------------+----------+-----
Spellcasting   | 4 |  4.6
Conjurations   | 5 |  5.3
Dodging        | |  2.5
Stealth        | |  2.5

Action                   || total
-------------------------++-------
 Cast: Magic Dart        ||    54
  Use: Scroll            ||     2
Armor: Robe              ||     1
Dodge: Dodged            ||     4
